 Dungeon Crawl Stone Soup version 0.29-a0-885-gb26ba3297d (webtiles) character file.

Game seed: 16808697562742480092

782 iguanaiguana the Chopper (level 7, -7/61 HPs)
             Began as a Minotaur Fighter on July 21, 2022.
             Was an Initiate of Nemelex Xobeh.
             Mangled by an ogre
             ... wielding a +0 giant club
              (11 damage)
             ... on level 5 of the Dungeon.
             The game lasted 00:03:38 (1958 turns).

iguanaiguana the Chopper (Minotaur Fighter)         Turns: 1958, Time: 00:03:39

Health: -7/61      AC: 14    Str: 22    XL:     7   Next: 55%
Magic:  7/7        EV:  3    Int:  5    God:    Nemelex Xobeh [......]
Gold:   154        SH:  5    Dex: 10    Spells: 6/6 levels left

rFire   + . .      SeeInvis .   a - +0 war axe
rCold   + . .      Faith    .   c - +0 buckler
rNeg    . . .      Spirit   .   y - +0 gold dragon scales
rPois   +          Reflect  .   (helmet restricted)
rElec   .          Harm     .   (no cloak)
rCorr   .          Rampage  .   (no gloves)
Will    .....                   (no boots)
Stlth   ..........              o - amulet of regeneration
HPRegen 1.00/turn               (no ring)
MPRegen 0.10/turn               (no ring)

@: no status effects
A: horns 2, retaliatory headbutt
a: Renounce Religion, Draw Escape, Draw Destruction, Draw Summoning


You were on level 5 of the Dungeon.
You worshipped Nemelex Xobeh.
Nemelex Xobeh was noncommittal.
You visited 2 branches of the dungeon, and saw 7 of its levels.

You collected 154 gold pieces.

Inventory:

Hand Weapons
 a - a +0 war axe (weapon)
Missiles
 u - 5 boomerangs (quivered)
Armour
 b - a +0 scale mail
 c - a +0 buckler (worn)
 e - a +0 chain mail
 p - a +0 cloak
 x - a +0 cloak
 y - +0 gold dragon scales (worn)
Jewellery
 o - an amulet of regeneration (around neck)
 q - an amulet of reflection
Scrolls
 f - 3 scrolls of teleportation {unknown}
 h - 2 scrolls of noise {unknown}
 i - 2 scrolls of silence {unknown}
 k - 2 scrolls of enchant weapon {unknown}
 l - a scroll of fog {unknown}
 m - a scroll of amnesia {unknown}
 n - a scroll of vulnerability {unknown}
 t - 3 scrolls of poison {unknown}
 v - a scroll of immolation {unknown}
 w - 2 scrolls of identify {unknown}
 z - a scroll of blinking {unknown}
Potions
 d - 2 potions of might {@q3}
 g - a potion of brilliance {unknown}
 j - 2 potions of degeneration {unknown}
 r - 2 potions of heal wounds {unknown}
 s - a potion of haste {unknown}


   Skills:
 + Level 5.4 Fighting
 * Level 6.3 Axes
 + Level 1.6 Throwing
 + Level 5.4 Armour
 + Level 5.3 Shields
 * Level 2.6 Invocations


You had 6 spell levels left.
You didn't know any spells.
Your spell library contained the following spells:

 Spells                   Type           Power      Damage    Failure   Level
 Ensorcelled Hibernation  Hex/Ice        0%         N/A       100%        2
 Spider Form              Tmut/Pois      0%         N/A       100%        3
 Anguish                  Hex/Necr       0%         N/A       100%        4
 Animate Armour           Summ/Erth      0%         N/A       100%        4
 Blade Hands              Tmut           0%         N/A       100%        5
 Iron Shot                Conj/Erth      0%         9d1       100%        6


Dungeon Overview and Level Annotations

Branches:
Dungeon (6/15) Zot: 26226  Temple (1/1) D:5 Zot: 5998

Altars:
Cheibriados
Dithmenos
Elyvilon
Fedhas
Hepliaklqana
Makhleb
Nemelex Xobeh
Qazlal
Xom
Yredelemnul
Zin

Shops:
D:5 *


Innate Abilities, Weirdness & Mutations

You have a pair of horns on your head.
You reflexively headbutt those who attack you in melee.


Message History

The ogre hits you with a +0 giant club!!
The shadow imp shouts, "Slither away, thou erky rump-fed mooer!"
The shadow imp hits you.
You are too injured to fight recklessly!
You are too injured to fight recklessly!
You are too injured to fight recklessly!
You are too injured to fight recklessly!
There are monsters nearby!
You are too injured to fight recklessly!
You are too injured to fight recklessly!
You hit the ogre but do no damage.
The ogre is moderately wounded.
You slash the shadow imp! The shadow imp gestures at you.
Pain shoots through your body!
* * * LOW HITPOINT WARNING * * *
The ogre hits you with a +0 giant club!
* * * LOW HITPOINT WARNING * * *
You hit the ogre.
The ogre is moderately wounded.
You slash the shadow imp!
You kill the shadow imp!
You hit the ogre.
The ogre is heavily wounded.
You hit the ogre.
You headbutt the ogre, but do no damage.
The ogre is severely wounded.
The ogre hits you with a +0 giant club!!
* * * LOW HITPOINT WARNING * * *
You closely miss the ogre.
The ogre is severely wounded.
You barely miss the ogre.
The ogre is severely wounded.
The ogre hits you with a +0 giant club.
* * * LOW HITPOINT WARNING * * *
You hit the ogre.
The ogre is almost dead.
The ogre hits you with a +0 giant club!
You die...
Your body disappears without a glow.

# ##..### # #..............# #
#.............#..##..........#
#.............##. #..........#
####............................#
.....#......(....# ..#...>......#
#.#..#<..........###....#.......#
...#.............. ....#.......#
.∩...#######...O.# .##.........#
...#..##........@### ###....##.#
#.#......#####.....### ##.#..#.#
.....###. .......#...## #.##...#
..#..# #####....#..####......#
..#..# ##.#.##...........# #....#
#...[.#########... .....# ##.##.
#..... ##...# ## ## #..... #...#
#...:.


You could see an ogre.

Vanquished Creatures
  2 black bears (D:5)
  An ogre (D:4)
  2 phantoms
  4 hounds (D:5)
  An orc priest (D:3)
  3 iguanas (D:5)
  An orc wizard (D:5)
  4 adders
  A shadow imp (D:5)
  An ufetubus (D:4)
  A dart slug (D:2)
  12 orcs
  5 bats
  5 endoplasms
  3 giant cockroaches
  4 goblins
  4 hobgoblins
  3 jackals (D:4)
  3 quokkas
  2 ball pythons
  2 frilled lizards (D:3)
  3 rats (D:3)
67 creatures vanquished.

Notes
Turn   | Place    | Note
-------+----------+-------------------------------------------
     0 | D:1      | iguanaiguana the Minotaur Fighter began the quest for the
                  | Orb.
     0 | D:1      | Reached XP level 1. HP: 19/19 MP: 0/0
   245 | D:1      | Reached XP level 2. HP: 27/27 MP: 1/1
   434 | D:2      | Reached skill level 3 in Axes
   593 | D:3      | Reached XP level 3. HP: 33/33 MP: 2/2
   808 | D:3      | Found a white marble altar of Elyvilon.
   969 | D:3      | Reached XP level 4. HP: 10/40 MP: 3/3
  1036 | D:3      | Reached skill level 4 in Axes
  1118 | D:4      | Noticed a phantom
  1128 | D:4      | Killed a phantom
  1129 | D:4      | Reached XP level 5. HP: 46/47 MP: 4/4
  1189 | D:4      | You fall into a shaft and drop 2 floors!
  1200 | D:6      | Noticed an ogre
  1207 | D:5      | Entered Level 5 of the Dungeon
  1243 | D:4      | Noticed an ogre
  1252 | D:4      | Killed an ogre
  1253 | D:4      | Reached skill level 5 in Axes
  1290 | D:4      | Reached XP level 6. HP: 55/55 MP: 5/5
  1441 | D:4      | Found a blossoming altar of Fedhas.
  1441 | D:4      | Found a sparkling altar of Nemelex Xobeh.
  1448 | D:4      | Found a faded altar of an unknown god.
  1450 | D:4      | Found a shadowy altar of Dithmenos.
  1452 | D:4      | Found a burning altar of Makhleb.
  1503 | D:4      | Became a worshipper of Nemelex Xobeh the Trickster
  1659 | D:5      | Found Pah Siuc's Overcharged Wands.
  1686 | D:5      | Found a staircase to the Ecumenical Temple.
  1703 | Temple   | Entered the Ecumenical Temple
  1737 | D:5      | Reached skill level 5 in Fighting
  1737 | D:5      | Reached skill level 5 in Armour
  1737 | D:5      | Reached skill level 5 in Shields
  1737 | D:5      | Reached skill level 1 in Invocations
  1793 | D:5      | Reached skill level 1 in Throwing
  1793 | D:5      | Reached XP level 7. HP: 54/61 MP: 7/7
  1854 | D:5      | Reached skill level 6 in Axes
  1957 | D:5      | HP: 3/61 [ogre/+0 giant club (5)]
  1958 | D:5      | Mangled by an ogre

Illustrated notes

Levels and vault maps discovered:
D:1:      dpeg_arrival_connections, layout_loops_cross, nicolae_shop_vocational
D:2:      layout_loops_ring, chequers_ecumenical_altar_simple, basic_altar
D:3:      layout_loops_cross, mainiacjoe_overflow_small_starburst,
          nicolae_overflow_hidden_temple, minmay_misc_feat_secret_circle
D:4:      layout_rooms, chequers_temple_overflow_minitemple
D:5:      layout_rooms, minmay_temple_entry_overgrown,
          nicolae_shop_overcharged_wands, uniq_menkaure
D:6:      layout_rooms, lemuel_doored_altar, old_standard_altar, serial_shops,
          shop, bh_walls_and_bars, uniq_sigmund
Temple:   nicolae_temple_ecumenical_triangle

Skill      XL: |  1  2  3  4  5  6  7 |
---------------+----------------------+-----
Axes           | 3 4 5 6 |  6.3
Fighting       | 4 5 |  5.4
Armour         | 4 5 |  5.4
Shields        | 4 5 |  5.3
Invocations    | 1 2 |  2.6
Throwing       | 1 |  1.6

Action                   |  1- 3 |  4- 6 |  7- 9 || total
-------------------------+-------+-------+-------++-------
Melee: War axe           |    67 |    66 |    37 ||   170
       Headbutt          |     7 |    12 |     8 ||    27
Throw: Boomerang         |       |     4 |       ||     4
Armor: Chain mail        |    38 |    55 |     1 ||    94
       Gold dragon scale |       |       |    47 ||    47
Dodge: Dodged            |    32 |    24 |    11 ||    67
Block: Buckler           |    14 |    16 |     8 ||    38

Table legend: (Time is in decaauts)
 A = Elapsed time spent in this place.
 B = Non-inter-level travel time spent in this place.
 C = Inter-level travel time spent in this place.
 D = Time resting spent in this place.
 E = Time spent auto-exploring this place.
 F = Levels seen in this place.
 G = Mean time per level.
                   A        B        C        D        E       F      G
               +--------+--------+--------+--------+--------+-----+--------+
         Total |   2011 |   1906 |    105 |      0 |   1444 |   7 |  287.3 |
       Dungeon |   2009 |   1904 |    105 |      0 |   1444 |   6 |  334.8 |
        Temple |      1 |      1 |      0 |      0 |      0 |   1 |    1.0 |
               +--------+--------+--------+--------+--------+-----+--------+

Top non-repeatable levels by time:
     D:3: 578 daAuts
     D:4: 526 daAuts
     D:1: 439 daAuts
     D:5: 319 daAuts
     D:2: 126 daAuts
     D:6: 17 daAuts
  Temple: 1 daAuts
